 Dungeon Crawl Stone Soup version 0.27-a0-1147-gb3d8e82157 (webtiles) character file.

Game seed: 17820691463870609032

40 Froggeryz the Sneak (level 3, -2/16 HPs)
             Began as a Spriggan Enchanter on May 12, 2021.
             Killed from afar by Natasha (7 damage)
             ... with a magic dart
             ... on level 2 of the Dungeon.
             The game lasted 00:02:35 (1774 turns).

Froggeryz the Sneak (Spriggan Enchanter)            Turns: 1774, Time: 00:02:36

Health: -2/16      AC:  2    Str:  4    XL:     3   Next: 30%
Magic:  8/8        EV: 17    Int: 17    God:
Gold:   47         SH:  0    Dex: 15    Spells: 4/7 levels left

rFire    . . .     SeeInvis +   i - +1 dagger (venom)
rCold    . . .     Faith    .   (shield restricted)
rNeg     . . .     Spirit   .   b - +0 robe
rPois    .         Reflect  .   (helmet restricted)
rElec    .         Harm     .   (no cloak)
rCorr    .         Rampage  .   (gloves unavailable)
Will     .....                  (boots unavailable)
Stlth    +++.......             (no amulet)
HPRegen  0.05/turn              (no ring)
MPRegen  0.11/turn              (no ring)

@: very quick
A: very small, no large weapons, unfitting armour, see invisible, speed 3
a: no special abilities


You were on level 2 of the Dungeon.
You visited 1 branch of the dungeon, and saw 2 of its levels.

You collected 69 gold pieces.
You spent 22 gold pieces at shops.

Inventory:

Hand Weapons
 i - a +1 dagger of venom (weapon)
Armour
 b - a +0 robe (worn)
Scrolls
 c - 2 scrolls of identify {unknown}
 d - 3 scrolls of enchant armour {unknown}
 e - a scroll of fear {unknown}
 f - a scroll of fog
 h - a scroll of magic mapping {unknown}
Potions
 g - a potion of curing {unknown}


   Skills:
 * Level 3.0 Short Blades
 - Level 2.6 Dodging
 - Level 5.1 Stealth
 - Level 2.6 Spellcasting
 - Level 3.6 Hexes
 + Level 0.2 Ice Magic


You had 4 spell levels left.
You knew the following spells:

 Your Spells              Type           Power      Damage    Failure   Level
a - Corona                Hex            15%        N/A       4%          1
b - Ensorcelled Hibernat  Hex/Ice        16%        N/A       12%         2

Your spell library contained the following spells:

 Spells                   Type           Power      Damage    Failure   Level
 Confusing Touch          Hex            14%        N/A       12%         3
 Tukima's Dance           Hex            14%        N/A       12%         3
 Dazzling Flash           Conj/Hex       16%        N/A       26%         3


Dungeon Overview and Level Annotations

Branches:
Dungeon (2/15)

Altars:
Dithmenos

Shops:
D:1 :?*

Annotations:
D:2 Natasha


Innate Abilities, Weirdness & Mutations

You are very small and have problems with some larger weapons.
You are too small for most types of armour.
You have supernaturally acute eyesight. (SInv)
You cover ground extremely quickly. (Speed+++)


Message History

The jackal bites you but does no damage.
You hit the jackal.
The jackal is poisoned.
The jackal is moderately wounded.
The jackal misses you.
A jackal is nearby!
You closely miss the jackal.
The jackal is moderately wounded.
The jackal misses you.
You closely miss the jackal.
The jackal is almost dead.
The jackal bites you but does no damage.
A jackal is nearby!
You hit the jackal.
You kill the jackal!
There is an open door here.
As you open the door, it creaks loudly!
Natasha hisses angrily.
Natasha is nearby!
Natasha is nearby!
There is an open door here.
You hit Natasha but do no damage.
Natasha is poisoned.
Natasha misses you.
You hit Natasha.
Natasha looks as sick as possible!
Natasha is lightly wounded.
Natasha claws you.
You hit Natasha but do no damage.
Natasha is lightly wounded.
You hit Natasha.
Natasha is moderately wounded.
Natasha casts a spell at you. The magic dart hits you.
You closely miss Natasha.
Natasha is moderately wounded.
Natasha closely misses you.
You hit Natasha.
Natasha looks as sick as possible!
Natasha is heavily wounded.
Natasha claws you.
You barely miss Natasha.
Natasha is almost dead.
Natasha stares at you and mumbles some strange words.
The magic dart hits you!
You die...

####### ### #.....# ..## #.....#
#..## #.....# #### ##..##
#.....# ####... .##..##
##.....##########.##.##
..##..#####......'..........##.#
..........#....h@##########.##.#
†.#######.#......# #####.##.#
.##.......#......# #........##
####.##.#.#......# #.........# #
#.(....#......# #..######.#
#.#.##.#.###### ##.#.§§.#.#
#.#....#.# #.'§§§.#.# #.######.#
###§.§.+.# #......#.# #....###


You could see Natasha (extremely poisoned).

Vanquished Creatures
  3 endoplasms (D:1)
  A giant cockroach (D:1)
  5 goblins
  6 hobgoblins
  5 jackals
  2 quokkas
  4 bats
  3 kobolds
  4 rats
33 creatures vanquished.

Notes
Turn   | Place    | Note
-------+----------+-------------------------------------------
     0 | D:1      | Froggeryz the Spriggan Enchanter began the quest for the
                  | Orb.
     0 | D:1      | Reached XP level 1. HP: 9/9 MP: 5/5
   319 | D:1      | Reached XP level 2. HP: 13/13 MP: 6/6
   753 | D:1      | Found Plog's Magic Scroll Boutique.
   768 | D:1      | Bought a scroll of fog for 22 gold pieces
   872 | D:1      | Reached skill level 5 in Stealth
   884 | D:1      | Found Iboequn's General Store.
  1264 | D:1      | Found Cuthesul's Book Shop.
  1275 | D:1      | Learned a level 2 spell: Ensorcelled Hibernation
  1409 | D:2      | Reached XP level 3. HP: 16/16 MP: 8/8
  1457 | D:2      | Found a shadowy altar of Dithmenos.
  1470 | D:2      | Noticed Natasha
  1774 | D:2      | Killed from afar by Natasha

Illustrated notes

Levels and vault maps discovered:
D:1:      lemuel_arrival_funnel, layout_loops_ring, serial_shops,
          nicolae_shop_stone, shop, shop
D:2:      layout_basic, basic_ecumenical_altar, basic_altar,
          kennysheep_another_room, grunt_ministairs_14,
          kennysheep_generic_room_14, uniq_natasha, uniq_sigmund

Skill      XL: |  1  2  3 |
---------------+----------+-----
Short Blades   | 2 3 |  3.0
Stealth        | 5 |  5.1
Dodging        | |  2.6
Spellcasting   | |  2.6
Hexes          | |  3.6
Ice Magic      | |  0.2

Action                   || total
-------------------------++-------
Melee: Dagger            ||   122
 Cast: Corona            ||     3
 Stab: Sleeping          ||    12
Armor: Robe              ||    12
Dodge: Dodged            ||    90

Table legend: (Time is in decaauts)
 A = Elapsed time spent in this place.
 B = Non-inter-level travel time spent in this place.
 C = Inter-level travel time spent in this place.
 D = Time resting spent in this place.
 E = Time spent auto-exploring this place.
 F = Levels seen in this place.
 G = Mean time per level.
                   A        B        C        D        E       F      G
               +--------+--------+--------+--------+--------+-----+--------+
         Total |   1377 |   1368 |      9 |    490 |    638 |   2 |  688.5 |
       Dungeon |   1377 |   1368 |      9 |    490 |    638 |   2 |  688.5 |
               +--------+--------+--------+--------+--------+-----+--------+

Top non-repeatable levels by time:
     D:1: 1123 daAuts
     D:2: 254 daAuts
